 Dungeon Sprint DCSS version 0.28.0-43-g3370ac3207 (webtiles) character file.

Game seed: 15048496568397641852

10714 Groucho the Protected (level 11, -1/115 HPs)
             Began as a Deep Dwarf Fighter on Mar 27, 2022.
             Was the Champion of Makhleb.
             Slain by a skeletal warrior
             ... wielding a +0 halberd
             ... led by a skeletal warrior
              (7 damage)
             ... in the Dungeon (Sprint VII: "The Pits").
             The game lasted 00:10:20 (3103 turns).

Groucho the Protected (Deep Dwarf Fighter)          Turns: 3103, Time: 00:10:20

Health: -1/115     AC: 25    Str: 24    XL:     11   Next: 39%
Magic:  20/20      EV:  8    Int:  9    God:    Makhleb [******]
Gold:   5          SH:  7    Dex: 12    Spells: 10/10 levels left

rFire   . . .      SeeInvis .   r - +2 war axe (vorpal)
rCold   . . .      Faith    .   c - +0 buckler
rNeg    . . .      Spirit   .   u - +4 chain mail
rPois   .          Reflect  .   (no helmet)
rElec   .          Harm     .   (no cloak)
rCorr   .          Rampage  .   (no gloves)
Will    +....      NoTele   +   t - +0 pair of boots
Stlth   ..........              (no amulet)
HPRegen 0.00/turn               b - +3 ring of protection
MPRegen 0.17/turn               q - +3 ring of protection

@: no status effects
A: damage resistance, heal wounds, sense surroundings 2, no regeneration
a: Heal Wounds, Renounce Religion, Minor Destruction, Lesser Servant of Makhleb,
Major Destruction, Greater Servant of Makhleb


You were in the Dungeon.
You worshipped Makhleb.
Makhleb was exalted by your worship.
You visited 1 branch You collected 5 gold pieces.

Inventory:

Hand Weapons
 r - a +2 vorpal war axe (weapon)
 s - a +2 vorpal morningstar
Missiles
 a - 10 stones
Armour
 c - a +0 buckler (worn)
 p - a +2 plate armour
 t - a +0 pair of boots (worn)
 u - a +4 chain mail (worn)
Jewellery
 b - a +3 ring of protection (left hand)
 q - a +3 ring of protection (right hand)
Wands
 v - a wand of digging (4)
Scrolls
 j - a scroll of blinking
 m - 5 scrolls of amnesia
 n - a scroll of summoning
Potions
 d - 2 potions of might
 e - 4 potions of curing
 g - 2 potions of haste
 h - 4 potions of magic
 i - 3 potions of berserk rage
 k - a potion of brilliance
 l - 2 potions of invisibility
 o - a potion of mutation


   Skills:
 + Level 12.6 Fighting
 + Level 14.6 Axes
 + Level 14.8 Armour
 + Level 14.8 Shields
 + Level 14.8 Invocations


You had 10 spell levels left.
You didn't know any spells.
Your spell library was empty.

Dungeon Overview and Level Annotations

Branches:
Dungeon (1/1)

Altars:
Ashenzari
Cheibriados
Dithmenos
Elyvilon
Fedhas
Gozag
Hepliaklqana
Kikubaaqudgha
Makhleb
Nemelex Xobeh
Okawaru
Qazlal
Ru
Sif Muna
Trog
Uskayaw
Vehumet
Wu Jian
Xom
Yredelemnul
Zin
The Shining One
Beogh
Jiyva
Lugonu

Annotations:
D Grum


Innate Abilities, Weirdness & Mutations

You are resistant to damage.
You can heal yourself by infusing magical energy.
You passively map the area around you.
You do not regenerate.


Message History

Unknown command.
You hit the skeletal warrior but do no damage.
The skeletal warrior is severely damaged.
The skeletal warrior hits you with a +0 trident.
The skeletal warrior hits you but does no damage.
Unknown command.
You hit the skeletal warrior but do no damage.
The skeletal warrior is severely damaged.
The skeletal warrior hits you from afar with a +0 halberd.
The skeletal warrior hits you but does no damage.
The skeletal warrior barely misses you.
Unknown command.
Unknown command.
You barely miss the skeletal warrior.
The skeletal warrior is heavily damaged.
You block the skeletal warrior's attack. x2
Unknown command.
You slice the skeletal warrior!!
The skeletal warrior is almost destroyed.
The skeletal warrior hits you but does no damage.
The skeletal warrior closely misses you.
Unknown command.
You closely miss the skeletal warrior.
The skeletal warrior is almost destroyed.
The skeletal warrior barely misses you.
The skeletal warrior hits you from afar with a +0 halberd.
Unknown command.
You slash the skeletal warrior!
The skeletal warrior is almost destroyed.
The skeletal warrior hits you from afar with a +0 halberd!
* * * LOW HITPOINT WARNING * * *
The skeletal warrior hits you with a +0 trident!
* * * LOW HITPOINT WARNING * * *
You block the skeletal warrior's attack.
You hit the skeletal warrior but do no damage.
The skeletal warrior is almost destroyed.
The skeletal warrior hits you but does no damage.
You block the skeletal warrior's attack.
The skeletal warrior hits you from afar with a +0 halberd!
You die...

.......+ * , , * #......# ,, ,
,, , ,* .......# , , , †'#####
* *** * *** * * †'#########
***######### * ..........# ,,,,
#.......# ..........+ ,,
,#g......# , ,
..#####...#####+##zh.....#####
**
..†...#.........@zzzh.........
,
..#...#.......z##+##..........,
..#...#)#####(.# ..#..###'##..
..#####.))..#..#§..#..# z#
........#)..+.)##'##..+,, # ,
†††.....#...#...)†....####+# *
#'###.).#...#)†.)).........F ,
....'...#+###.††####'##....l ,
....#.........†.#.....# ...


You could see 5 skeletal warriors and 2 wolves.

Vanquished Creatures
  2 boulder beetles (D)
  A death yak (D)
  A deep elf zephyrmancer (D)
  An ugly thing (D)
  Maurice (D)
  A cyclops (D)
  2 kobold demonologists (D)
  A yaktaur (D)
  A hellwing (D)
  3 blink frogs (D)
  2 dream sheep (D)
  A wyvern (D)
  A fire bat (D)
  3 redbacks (D)
  A warg (D)
  A floating eye (D)
  A sky beast (D)
  A centaur (D)
  2 scorpions (D)
  2 bullfrogs (D)
  A wight (D)
  A crimson imp (D)
  2 jellies (D)
  A hell rat (D)
  An iguana (D)
  A gnoll (D)
  2 adders (D)
  A white imp (D)
  2 ufetubi (D)
  An orc (D)
  3 goblins (D)
  A hobgoblin (D)
  A ball python (D)
  A frilled lizard (D)
  A rat (D)
49 creatures vanquished.

Vanquished Creatures (collateral kills)
  A yaktaur captain (D)
  A deep elf zephyrmancer (D)
  A cane toad (D)
  A hellwing (D)
  A yaktaur (D)
  An ice devil (D)
  A red devil (D)
  2 blink frogs (D)
  A tyrant leech (D)
  2 dream sheep (D)
  3 redbacks (D)
  A wolf (D)
  A bullfrog (D)
  A scorpion (D)
  2 quasits (D)
  A hound (D)
  3 orc wizards (D)
  A mummy (D)
  An ufetubus (D)
  An orc (D)
  A ball python (D)
28 creatures vanquished.

Grand Total: 77 creatures vanquished

Notes
Turn   | Place    | Note
-------+----------+-------------------------------------------
     0 | D        | Groucho the Deep Dwarf Fighter began the quest for the Orb.
     0 | D        | Reached XP level 1. HP: 20/20 MP: 1/1
    54 | D        | Found a bloodstained altar of Trog.
    54 | D        | Found a shimmering blue altar of Sif Muna.
    54 | D        | Found a viscous altar of Jiyva.
    54 | D        | Found a hazy altar of Hepliaklqana.
    54 | D        | Found an opulent altar of Gozag.
    55 | D        | Found a glowing golden altar of the Shining One.
    55 | D        | Found a glowing silver altar of Zin.
    55 | D        | Found a basalt altar of Yredelemnul.
    55 | D        | Found a shimmering altar of Xom.
    55 | D        | Found an ornate altar of the Wu Jian Council.
    55 | D        | Found a sacrificial altar of Ru.
    55 | D        | Found a stormy altar of Qazlal.
    55 | D        | Found an iron altar of Okawaru.
    55 | D        | Found a sparkling altar of Nemelex Xobeh.
    55 | D        | Found a burning altar of Makhleb.
    55 | D        | Found a blossoming altar of Fedhas.
    55 | D        | Found a white marble altar of Elyvilon.
    55 | D        | Found a shadowy altar of Dithmenos.
    55 | D        | Found a snail-covered altar of Cheibriados.
    58 | D        | Found a corrupted altar of Lugonu.
    58 | D        | Found a radiant altar of Vehumet.
    59 | D        | Found an ancient bone altar of Kikubaaqudgha.
    59 | D        | Found a hide-covered altar of Uskayaw.
    59 | D        | Found a broken altar of Ashenzari.
    65 | D        | Became a worshipper of Makhleb the Destroyer
    80 | D        | Noticed a floating eye
    83 | D        | Paralysed by a floating eye for 3 turns
    88 | D        | Killed a floating eye
    89 | D        | Reached skill level 5 in Axes
    89 | D        | Reached skill level 5 in Shields
    89 | D        | Reached XP level 2. HP: 21/31 MP: 2/2
    89 | D        | Reached XP level 3. HP: 26/38 MP: 3/3
    89 | D        | Reached XP level 4. HP: 31/45 MP: 4/4
   108 | D        | Reached * piety under Makhleb
   109 | D        | Reached skill level 5 in Fighting
   118 | D        | Noticed a warg
   118 | D        | Noticed a scorpion
   145 | D        | Killed a warg
   145 | D        | Reached ** piety under Makhleb
   146 | D        | Reached XP level 5. HP: 27/55 MP: 5/5
   149 | D        | Reached XP level 6. HP: 33/63 MP: 6/6
   546 | D        | Reached *** piety under Makhleb
   701 | D        | Reached skill level 1 in Invocations
  1240 | D        | Reached **** piety under Makhleb
  1245 | D        | Noticed a red devil
  1251 | D        | Killed a red devil
  1252 | D        | Reached XP level 7. HP: 58/72 MP: 7/10
  1779 | D        | Noticed a fire bat
  1787 | D        | Reached skill level 5 in Invocations
  1798 | D        | Killed a fire bat
  1809 | D        | Noticed a redback
  1818 | D        | Killed a redback
  1818 | D        | Reached ***** piety under Makhleb
  1819 | D        | Reached XP level 8. HP: 34/81 MP: 12/12
  1825 | D        | Reached skill level 10 in Armour
  1829 | D        | Reached skill level 10 in Shields
  2109 | D        | Noticed a deep elf zephyrmancer
  2134 | D        | Killed a deep elf zephyrmancer
  2135 | D        | Reached skill level 10 in Axes
  2274 | D        | Noticed a dream sheep
  2274 | D        | Noticed a dream sheep
  2274 | D        | Noticed a dream sheep
  2274 | D        | Noticed a dream sheep
  2274 | D        | Noticed a death yak
  2277 | D        | Killed a dream sheep
  2278 | D        | Killed a dream sheep
  2278 | D        | Reached ****** piety under Makhleb
  2279 | D        | Gained mutation: You passively map the area around you.
                  | [Deep Dwarf growth]
  2279 | D        | Reached XP level 9. HP: 42/92 MP: 15/15
  2289 | D        | Killed a death yak
  2290 | D        | Reached skill level 10 in Fighting
  2290 | D        | Reached skill level 10 in Invocations
  2307 | D        | Noticed a tyrant leech
  2307 | D        | Noticed a hellwing
  2314 | D        | Killed a tyrant leech
  2318 | D        | Noticed Maurice
  2323 | D        | Killed a hellwing
  2337 | D        | Killed Maurice
  2338 | D        | Reached XP level 10. HP: 76/103 MP: 18/18
  2354 | D        | Noticed a cyclops
  2363 | D        | Killed a cyclops
  2874 | D        | Noticed a soul eater
  2885 | D        | Noticed a boulder beetle
  2885 | D        | Noticed a cane toad
  2896 | D        | Killed a cane toad
  2928 | D        | Killed a boulder beetle
  2939 | D        | Noticed a deep elf zephyrmancer
  2965 | D        | Noticed a red ugly thing
  2967 | D        | Noticed a yaktaur captain
  2983 | D        | Killed a red ugly thing
  2983 | D        | Killed a deep elf zephyrmancer
  2984 | D        | Reached XP level 11. HP: 42/114 MP: 21/21
  2990 | D        | Killed a yaktaur captain
  2997 | D        | Noticed a boulder beetle
  3029 | D        | Killed a boulder beetle
  3077 | D        | Noticed a skeletal warrior
  3078 | D        | Noticed a skeletal warrior
  3079 | D        | Noticed a skeletal warrior
  3081 | D        | Noticed a skeletal warrior
  3088 | D        | Noticed a skeletal warrior
  3091 | D        | Noticed Grum
  3103 | D        | Slain by a skeletal warrior

Illustrated notes

Levels and vault maps discovered:
D:        pitsprint [storerooms_1, entrance_room_1, metal_vault_8, armoury_1,
          mini_pit_1, grid_room_1, main_hall_1, silver_pit, the_coven_3,
          the_vestibule_1, steel_vault_2, golden_pit, hallway_of_sentries,
          crystal_vault_1, iron_vault_2, final_vault]

Skill      XL: |  1  2  3  4  5  6  7  8  9 10 11 |
---------------+----------------------------------+-----
Fighting       | 4 6 7 8 9 10 12 | 12.6
Axes           | 5 6 7 8 9 10 12 13 14 | 14.6
Armour         | 6 7 9 11 12 14 | 14.8
Shields        | 5 7 9 11 12 14 | 14.8
Invocations    | 4 6 9 11 13 14 | 14.8

Action                   |  1- 3 |  4- 6 |  7- 9 | 10-12 || total
-------------------------+-------+-------+-------+-------++-------
Melee: War axe           |     7 |       |    50 |   108 ||   165
       Hand axe          |     6 |    81 |    32 |       ||   119
Invok: Lesser Servant of |       |     1 |     4 |    10 ||    15
 Abil: Heal Wounds       |       |       |       |     4 ||     4
  Use: Potion            |       |     2 |     5 |     7 ||    14
 Stab: Distracted        |       |       |     1 |     3 ||     4
Armor: Scale mail        |     9 |     8 |       |       ||    17
       Plate armour      |       |    14 |    30 |       ||    44
       Chain mail        |       |       |    24 |    92 ||   116
Dodge: Dodged            |     8 |    15 |    29 |    47 ||    99
Block: Buckler           |     5 |    31 |    27 |    51 ||   114
